 Dungeon Crawl Stone Soup version 0.28-a0-1184-g53156a8862 (webtiles) character file.

Game seed: 2082301792793587937

4862 kae the Transmogrifier (level 10, -9/85 HPs)
             Began as a Pale Draconian Transmuter on Dec 17, 2021.
             Was a Believer of Ru.
             Mangled by an orc warrior (28 damage)
             ... on level 8 of the Dungeon.
             The game lasted 00:07:02 (11972 turns).

kae the Transmogrifier (Pale Draconian Transmuter) Turns: 11972, Time: 00:07:02

Health: -9/85      AC:  9    Str: 14    XL:     10   Next: 26%
Magic:  20/21      EV: 10    Int: 17    God:    Ru [**....]
Gold:   412        SH:  0    Dex: 11    Spells: 16/24 levels left

rFire   x . .      SeeInvis .     - Unarmed
rCold   + + +      Faith    .   (shield currently unavailable)
rNeg    . . .      Spirit   .   (armour unavailable)
rPois   +          Reflect  .   (helmet currently unavailable)
rElec   .          Harm     .   (cloak currently unavailable)
rCorr   .          Rampage  .   (gloves currently unavailable)
Will    .....                   (boots currently unavailable)
Stlth   +.........              (no amulet)
HPRegen 0.24/turn               (no ring)
MPRegen 0.17/turn               (no ring)

@: ice-form
A: freezing attack, amphibious, boosted hp, (breathe steam), AC +7, large,
unfitting armour, (cold-blooded), inability to use devices, (steam resistance)
a: End Transformation, Renounce Religion


You were on level 8 of the Dungeon.
You worshipped Ru.
Ru was pleased with you.
You were a creature of crystalline ice.
You visited 2 branches of the dungeon, and saw 9 of its levels.

You collected 412 gold pieces.

Inventory:

Armour
 x - a +0 cloak
Jewellery
 a - a ring of protection from fire
 g - a ring of fire
 p - a ring of ice
 t - an amulet of reflection
 v - an amulet of magic regeneration
Scrolls
 e - 8 scrolls of magic mapping
 k - a scroll of identify
 m - 3 scrolls of teleportation
 s - 2 scrolls of enchant weapon
 w - a scroll of amnesia
Potions
 b - 3 potions of curing
 c - 2 potions of flight
 d - 3 potions of magic
 f - a potion of might
 h - 3 potions of heal wounds
 i - a potion of berserk rage {unknown}
 j - a potion of degeneration {unknown}
 l - 2 potions of lignification {unknown}
 n - a potion of brilliance {unknown}
 q - a potion of attraction {unknown}


   Skills:
 - Level 1.1 Fighting
 - Level 1.7 Dodging
 - Level 3.0 Unarmed Combat
 + Level 7.7 Spellcasting
 * Level 11.7 Transmutations
 - Level 5.0 Ice Magic
 - Level 1.5 Poison Magic


You had 16 spell levels left.
You knew the following spells:

 Your Spells              Type           Power      Damage    Failure   Level
a - Beastly Appendage     Tmut           92%        N/A       1%          1
b - Spider Form           Tmut/Pois      29%        N/A       2%          3
c - Ice Form              Ice/Tmut       35%        N/A       3%          4

Your spell library contained the following spells:

 Spells                   Type           Power      Damage    Failure   Level
 Wereblood                Tmut           46%        N/A       1%          2
 Searing Ray              Conj           12%        2d4       16%         2
 Flame Wave               Conj/Fire      6%         2d4       71%         4
 Summon Lightning Spire   Summ/Air       6%         N/A       71%         4
 Orb of Destruction       Conj           3%         9d1       100%        7


Dungeon Overview and Level Annotations

Branches:
Dungeon (8/15)             Temple (1/1) D:6
   Lair: D:8-11

Altars:
Ashenzari
Cheibriados
Dithmenos
Elyvilon
Fedhas
Gozag
Hepliaklqana
Kikubaaqudgha
Makhleb
Nemelex Xobeh
Okawaru
Qazlal
Ru
Sif Muna
Trog
Uskayaw
Vehumet
Wu Jian
Xom
Yredelemnul
Zin
The Shining One

Annotations:
D:4 2 transporters, RNPValinor's ghost, amateur PaFi
D:7 3 runed translucent doors, Athor's ghost, novice FoAK; NigelTetley's ghost, novice DDFi
D:8 3 runed translucent doors, Yorgos's ghost, novice DjBe


Innate Abilities, Weirdness & Mutations

You are a creature of crystalline ice.
You have a powerful freezing melee attack.
You are amphibious.
Your maximum health is increased.
Your armour is entirely melded.
You are incapable of wielding weapons or throwing items.
((You can breathe blasts of scalding, opaque steam.))
((Your pale cyan-grey scales are hard. (AC +7)))
You cannot fit into any form of body armour.
((You are cold-blooded and may be slowed by cold attacks.))
You cannot study or use magical devices.
((You are immune to the effects of steam.))


Message History

You hit the orc priest. You freeze the orc priest.
You kill the orc priest!
The orc is engulfed in a cloud of scalding steam.
You kill the orc!
No target in view!
An orc priest comes into view. It is wielding a +0 dagger.
The orc priest shouts!
You hear a shout!
The orc priest invokes the aid of Beogh against you.
Beogh smites you!
An orc warrior comes into view.
It is wielding the +8 halberd of Ru's Supremacy {vorpal, rF++ Str-3 Dex+3}.
Found a stormy altar of Qazlal.
You see here a +0 trident.
There are monsters nearby!
There are monsters nearby!
You have got your breath back.
The orc priest hits you but does no damage.
The orc warrior hits you from afar with the +8 halberd of Ru's Supremacy {vorpal, rF++ Str-3 Dex+3}.
You hit the orc priest but do no damage.
The orc priest begins to pray, but is stunned by your conviction!
The orc warrior hits you from afar with the +8 halberd of Ru's Supremacy {vorpal, rF++ Str-3 Dex+3}!!
You are too injured to fight recklessly!
You are too injured to fight recklessly!
You are too injured to fight recklessly!
You are too injured to fight recklessly!
You are too injured to fight recklessly!
You hit the orc priest but do no damage.
The orc priest hits you with a +0 dagger.
The orc warrior hits you from afar with the +8 halberd of Ru's Supremacy {vorpal, rF++ Str-3 Dex+3}!!
* * * LOW HITPOINT WARNING * * *
You completely miss the orc priest.
The orc priest hits you with a +0 dagger.
* * * LOW HITPOINT WARNING * * *
The orc warrior hits you from afar with the +8 halberd of Ru's Supremacy {vorpal, rF++ Str-3 Dex+3}!
* * * LOW HITPOINT WARNING * * *
x2 Unknown command.
Okay, then.
You feel much better.
The orc priest hits you but does no damage.
The orc warrior hits you from afar with the +8 halberd of Ru's Supremacy {vorpal, rF++ Str-3 Dex+3}!!
You die...

#.# #.################
##### .................#
§§§§§
#........#########§§§§§§
########)# §§§§§§
########.#########§§§§§§
.................######§
#######..........oo.._#8
..............).Y######§
..#####......))..#§§§§§§
.........######### §§§§§
..######.## §§§§ ..#
#..# §§§ ..# ##.# ### ##
..#######.## #.#
...........## #)#
............# #.#


You could see an orc warrior and an orc priest.

Vanquished Creatures
  Maurice (D:8)
  Grinder (D:6)
  A wraith (D:7)
  5 yaks (D:6)
  A wyvern (D:7)
  Grum (D:8)
  3 water moccasins
  A black bear (D:6)
  2 orc warriors
  A sky beast (D:6)
  An ice beast (D:8)
  3 ogres
  3 wolves (D:8)
  A phantom (D:6)
  A kobold brigand (D:7)
  2 scorpions
  2 water moccasin zombies
  A wyvern skeleton (D:4)
  2 water moccasin skeletons (D:5)
  2 electric eels (D:6)
  3 bullfrog zombies
  3 centaur zombies
  4 jellies
  3 centaur skeletons
  3 orc priests
  3 gnoll shamans
  A bullfrog skeleton (D:6)
  Ijyb (D:3)
  Natasha (thrice) (D:2)
  5 orc wizards
  2 scorpion zombies (D:5)
  2 iguanas
  A hound zombie (D:5)
  A hound skeleton (D:4)
  A mummy (D:4)
  8 adders
  13 gnolls
  A howler monkey skeleton (D:5)
  3 shadow imps
  4 white imps
  An adder skeleton (D:5)
  A worm (D:2)
  18 orcs
  5 endoplasms
  2 giant cockroaches (D:1)
  4 goblins
  7 hobgoblins
  2 jackals (D:5)
  8 kobolds
  5 quokkas
  5 ball pythons
  5 bats
  3 frilled lizards
  A hobgoblin zombie (D:4)
  2 kobold zombies (D:4)
  An orc zombie (D:4)
  5 rats
175 creatures vanquished.

Vanquished Creatures (others)
  A plant (D:6)
1 creature vanquished.

Grand Total: 176 creatures vanquished

Notes
Turn   | Place    | Note
-------+----------+-------------------------------------------
     0 | D:1      | kae the Draconian Transmuter began the quest for the Orb.
     0 | D:1      | Reached XP level 1. HP: 16/16 MP: 3/3
   249 | D:1      | Reached XP level 2. HP: 23/23 MP: 3/5
   811 | D:2      | Reached skill level 3 in Transmutations
   835 | D:2      | Noticed Natasha
   846 | D:2      | Killed Natasha
   847 | D:2      | Reached XP level 3. HP: 27/28 MP: 4/6
   851 | D:2      | Learned a level 3 spell: Spider Form
   855 | D:2      | Noticed Natasha
   863 | D:2      | Killed Natasha
   864 | D:2      | Reached XP level 4. HP: 15/35 MP: 3/8
   868 | D:2      | Noticed Natasha
  1106 | D:2      | Reached skill level 1 in Poison Magic
  1603 | D:2      | Killed Natasha
  1604 | D:2      | Reached skill level 4 in Transmutations
  1672 | D:2      | Reached XP level 5. HP: 39/40 MP: 4/9
  2260 | D:3      | Noticed Ijyb
  2278 | D:3      | Killed Ijyb
  2320 | D:3      | Found a faded altar of an unknown god.
  2324 | D:3      | Got Ahech's Guide on Aerial Confrontation
  2699 | D:3      | Found an ornate altar of the Wu Jian Council.
  3076 | D:4      | Found a transporter.
  3145 | D:4      | Reached skill level 5 in Transmutations
  3183 | D:4      | Reached XP level 6. HP: 40/47 MP: 7/11
  3329 | D:4      | Found a transporter.
  3332 | D:4      | Noticed RNPValinor's ghost (amateur PaFi)
  3363 | D:4      | Learned a level 4 spell: Ice Form
  3773 | D:4      | Reached skill level 1 in Ice Magic
  3902 | D:4      | Your scales start taking on a pale cyan-grey colour.
  3902 | D:4      | Reached XP level 7. HP: 12/52 MP: 10/13
  3902 | D:4      | Gained mutation: You are immune to the effects of steam.
                  | [Pale Draconian growth]
  4218 | D:4      | Reached skill level 6 in Transmutations
  5109 | D:5      | Entered Level 5 of the Dungeon
  6344 | D:5      | Reached XP level 8. HP: 31/59 MP: 11/14
  6349 | D:5      | Reached skill level 7 in Transmutations
  6796 | D:5      | Found a glowing silver altar of Zin.
  7328 | D:6      | Found a hide-covered altar of Uskayaw.
  7379 | D:6      | Found a broken altar of Ashenzari.
  7382 | D:6      | Found a bloodstained altar of Trog.
  7468 | D:6      | Found an iron altar of Okawaru.
  7503 | D:6      | Reached skill level 5 in Spellcasting
  7725 | D:6      | Reached skill level 5 in Ice Magic
  7995 | D:6      | Noticed Grinder
  7996 | D:6      | Paralysed by Grinder for 6 turns
  8020 | D:6      | Killed Grinder
  8021 | D:6      | Reached skill level 8 in Transmutations
  8232 | D:6      | Reached XP level 9. HP: 56/64 MP: 14/17
  8435 | D:6      | Found a staircase to the Ecumenical Temple.
  8446 | D:6      | Reached skill level 9 in Transmutations
  8547 | Temple   | Entered the Ecumenical Temple
  8753 | Temple   | Became a worshipper of Ru the Awakened
  8912 | D:6      | Reached skill level 10 in Transmutations
  9650 | D:7      | Found a burning altar of Makhleb.
 10660 | D:7      | Found a runed translucent gate.
 10661 | D:7      | Found a runed translucent gate.
 10662 | D:7      | Found a runed translucent gate.
 10663 | D:7      | Noticed Athor's ghost (novice FoAK)
 10663 | D:7      | Noticed NigelTetley's ghost (novice DDFi)
 10673 | D:7      | Gained mutation: You cannot study or use magical devices.
                  | [Ru sacrifice]
 10673 | D:7      | Reached * piety under Ru
 10673 | D:7      | Reached ** piety under Ru
 10831 | D:7      | Reached skill level 11 in Transmutations
 11127 | D:8      | Found a runed translucent gate.
 11128 | D:8      | Found a runed translucent gate.
 11129 | D:8      | Found a runed translucent gate.
 11154 | D:8      | Noticed Grum
 11167 | D:8      | Reached XP level 10. HP: 43/71 MP: 16/20
 11172 | D:8      | Killed Grum
 11511 | D:8      | Noticed Maurice
 11518 | D:8      | Killed Maurice
 11931 | D:8      | Noticed Yorgos's ghost (novice DjBe)
 11965 | D:8      | Identified the +8 halberd of Ru's Supremacy {vorpal, rF++
                  | Str-3 Dex+3}
 11966 | D:8      | Found a stormy altar of Qazlal.
 11971 | D:8      | HP: 1/85 [orc warrior (4)]
 11972 | D:8      | Mangled by an orc warrior

Illustrated notes

Levels and vault maps discovered:
D:1:      lightli_arrival_isolated_outpost, layout_rooms, minmay_octomino_e4
D:2:      layout_basic, uniq_natasha
D:3:      layout_loops_ring, nzn_wu_jian_contemplation, basic_ecumenical_altar,
          uniq_ijyb
D:4:      layout_basic, gammafunk_ghost_mausoleum, minmay_mini_ossuary
D:5:      layout_cave_pods, mainiacjoe_overflow_tiny_flanked,
          eino_small_chamber_without_monster
D:6:      layout_basic, grunt_temple_overflow_cloverleaf,
          minmay_temple_entry_glass, serial_bayou, serial_bayou_pond_e,
          serial_bayou_ford_a, serial_bayou_shore_a, serial_bayou_pond_a,
          minmay_fractal_squares_diagonal_5, uniq_grinder
D:7:      layout_basic, amcnicky_altar_gilded, gammafunk_ghost_cemetery
D:8:      layout_basic, nicolae_qazlal_eye_of_the_storm, gammafunk_ghost_icy,
          uniq_maurice, uniq_grum
Temple:   eino_narrow_crystal_temple

Skill      XL: |  1  2  3  4  5  6  7  8  9 |
---------------+----------------------------+-----
Transmutations | 3 4 5 6 8 11 | 11.7
Poison Magic   | 1 |  1.5
Spellcasting   | 3 4 5 7 |  7.7
Ice Magic      | 1 3 5 |  5.0
Fighting       | |  1.1
Dodging        | |  1.7
Unarmed Combat | |  3.0

Action                   |  1- 3 |  4- 6 |  7- 9 | 10-12 || total
-------------------------+-------+-------+-------+-------++-------
Melee: Unarmed           |    53 |   168 |   415 |    34 ||   670
       Kick              |    11 |    14 |    18 |       ||    43
       Tailslap          |     2 |     7 |    16 |     1 ||    26
       Headbutt          |     3 |     5 |    14 |       ||    22
       Punch             |     1 |     1 |       |       ||     2
 Cast: Beastly Appendage |    11 |    16 |     7 |       ||    34
       Spider Form       |     1 |    14 |    10 |       ||    25
       Ice Form          |       |       |    24 |     6 ||    30
Invok: Sacrifice Artific |       |       |     1 |       ||     1
 Abil: Breathe Steam     |       |       |     6 |     4 ||    10
       End Transformatio |       |       |     1 |     1 ||     2
  Use: Scroll            |     2 |     4 |     6 |       ||    12
       Potion            |       |       |       |     2 ||     2
Armor: Skin              |    26 |    26 |   138 |    12 ||   202
Dodge: Dodged            |    39 |   115 |   240 |    15 ||   409

Table legend: (Time is in decaauts)
 A = Elapsed time spent in this place.
 B = Non-inter-level travel time spent in this place.
 C = Inter-level travel time spent in this place.
 D = Time resting spent in this place.
 E = Time spent auto-exploring this place.
 F = Levels seen in this place.
 G = Mean time per level.
                   A        B        C        D        E       F      G
               +--------+--------+--------+--------+--------+-----+--------+
         Total |  11989 |  11731 |    258 |    167 |  10106 |   9 | 1332.1 |
       Dungeon |  11777 |  11541 |    236 |    167 |   9924 |   8 | 1472.1 |
        Temple |    212 |    190 |     22 |      0 |    182 |   1 |  212.0 |
               +--------+--------+--------+--------+--------+-----+--------+

Top non-repeatable levels by time:
     D:6: 2318 daAuts
     D:4: 2128 daAuts
     D:5: 1927 daAuts
     D:7: 1507 daAuts
     D:2: 1266 daAuts
     D:3: 958 daAuts
     D:8: 899 daAuts
     D:1: 770 daAuts
  Temple: 212 daAuts
